Cogmind - Beta 10.2 @@@ ROGUE MODE // 2020.11.03 @ 10:39:39 // Halloween2020/ForbiddenLore Player: Plexion Result: Self-destructed Performance ------------- Evolutions (1) 500 Regions Visited (5) 1000 Robots Destroyed (16) 80 Value Destroyed (262) 262 Prototype IDs (23) 460 Alien Tech Used (0) 0 Bonus (300) 300 TOTAL SCORE: 2602 Bonus ------- Aligned with FarCom 300 Cogmind --------- Core Integrity 351/400 Matter 270/300 Energy 125/125 System Corruption 0% Temperature Cool (0) Movement Treading (200) Ox2 Location -9/Exiles Parts ------- > --- POWER (1) -------- Light Ion Engine > --- PROPULSION (2) --- Light Treads Light Treads > --- UTILITY (4) ------ Large Storage Unit High-capacity Storage Unit High-capacity Storage Unit Light Armor Plating > --- WEAPON (2) ------- EM Shotgun EM Shotgun > --- INVENTORY (26) --- Light Treads Wheel Wheel Small Storage Unit Large Storage Unit EM Pulse Gun EM Shotgun EM Shotgun EM Shotgun Small Laser Assault Rifle Light Assault Rifle Light Assault Rifle Light Assault Rifle Light Assault Rifle Grenade Launcher Peak State ------------ > --- POWER ------------ Light Angular Momentum Engine > --- PROPULSION ------- Light Treads Light Treads > --- UTILITY ---------- Large Storage Unit Large Storage Unit Light Armor Plating > --- WEAPON ----------- EM Shotgun EM Shotgun > --- INVENTORY -------- Light Ion Engine Light Treads Wheel Wheel Small Storage Unit EM Pulse Gun EM Shotgun EM Shotgun EM Shotgun Small Laser Assault Rifle Light Assault Rifle Light Assault Rifle Light Assault Rifle Light Assault Rifle Grenade Launcher [Rating: 15] Favorites ----------- Power Light Angular Momentum Engine Engine Light Angular Momentum Engine Propulsion Light Treads Treads Light Treads Utility Large Storage Unit Storage Large Storage Unit Protection Light Armor Plating Weapon EM Shotgun Energy Gun EM Shotgun Ballistic Gun Light Assault Rifle Build | -11 -10 -10 -9 -9 -9 ------- Run | Scr Mat Min Mat Min Exi Slots Evolved 2 | . . . 2 . . Power . | . . . . . . Propulsion . | . . . . . . Utility 2 | . . . 2 . . Weapon . | . . . . . . Parts Attached 17 | 6 2 2 4 . 3 Power 3 | 1 . 1 . . 1 Engine 3 | 1 . 1 . . 1 Core . | . . . . . . Reactor . | . . . . . . Propulsion 3 | 2 . . 1 . . Treads 3 | 2 . . 1 . . Leg . | . . . . . . Wheel . | . . . . . . Hover . | . . . . . . Flight . | . . . . . . Utility 6 | 1 2 . 1 . 2 Device . | . . . . . . Storage 5 | 1 2 . . . 2 Processor . | . . . . . . Hackware . | . . . . . . Protection 1 | . . . 1 . . Artifact . | . . . . . . Weapon 5 | 2 . 1 2 . . Energy Gun 3 | 1 . . 2 . . Energy Cannon . | . . . . . . Ballistic Gun 2 | 1 . 1 . . . Ballistic Cannon . | . . . . . . Launcher . | . . . . . . Special Weapon . | . . . . . . Impact Weapon . | . . . . . . Slashing Weapon . | . . . . . . Piercing Weapon . | . . . . . . Special Melee Weapon . | . . . . . . Unidentified Prototypes . | . . . . . . Parts Lost 3 | . . 2 . 1 . Power 2 | . . 1 . 1 . Propulsion . | . . . . . . Utility . | . . . . . . Weapon 1 | . . 1 . . . Highest Loss Streak 2 | . . 2 . 1 . Average Slot Usage (%) 93 | . 99 99 81 78 96 Engine 11 | . 14 14 11 1 11 Treads 25 | . 28 28 22 22 22 Storage 26 | . 27 28 22 22 29 Protection 4 | . . . 4 11 11 Energy Gun 13 | . 14 4 19 22 22 Ballistic Gun 11 | . 14 23 1 . . Naked Turns . | . . . . . . Heaviest Build 92 | 11 39 44 50 50 92 Greatest Support 40 | 40 40 40 40 40 40 Greatest Overweight (x) 2 | . . 1 1 1 2 Average Overweight (x) . | . . . 1 1 1 Largest Inventory Capacity 26 | 6 16 16 16 16 26 Average Capacity 16 | 5 15 16 16 16 22 Most Carried 16 | 4 6 10 16 16 16 Average Carried 11 | 2 5 8 14 16 15 Final Capacity 26 | 6 16 16 16 16 26 Final Carried 16 | 4 6 8 16 16 16 Class Distribution -------------------- 84% | Mutant 15% | Hauler-Mutant Dominant Class ---------------- Mutant | -10/Materials Mutant | -10/Mines Mutant | -9/Materials Mutant | -9/Mines Hauler-Mutant | -9/Exiles Resources | -11 -10 -10 -9 -9 -9 ----------- Run | Scr Mat Min Mat Min Exi Matter Collected 363 | 253 . 74 20 16 . Remotely . | . . . . . . Salvage Created 367 | . 23 75 89 180 . Parts 31 | . 6 3 8 14 . Haulers Intercepted . | . . . . . . Recyclers Shooed . | . . . . . . Parts Field Recycled . | . . . . . . Retrieved Matter . | . . . . . . Parts Self-Destructed . | . . . . . . Prevented . | . . . . . . Kills | -11 -10 -10 -9 -9 -9 ------- Run | Scr Mat Min Mat Min Exi Combat Hostiles Destroyed 15 | . 2 6 2 5 . Guns 13 | . 2 6 1 4 . AOE 2 | . . . 1 1 . Classes Destroyed 5 | . 1 1 2 1 . Tunneler 1 | . . . . 1 . Swarmer 7 | . 2 3 . 2 . Grunt 4 | . . . 1 3 . Brawler 1 | . . . 1 . . Assembled 3 | . . 3 . . . Best Kill Streak 3 | . 2 3 2 2 . Combat Bots Only 3 | . 2 3 2 2 . Max Kills in Single Turn 1 | . 1 1 1 1 . Gunslinging . | . . . . . . Exploded 1 | . . . 1 1 . Melee . | . . . . . . Uniques/NPCs Destroyed . | . . . . . . Combat | -11 -10 -10 -9 -9 -9 -------- Run | Scr Mat Min Mat Min Exi Damage Taken 576 | . 35 323 110 108 . Core 69 | . . 20 23 26 . Absorbed by Shields . | . . . . . . Core Remaining (%) 96 | 100 . 92 . . . Volleys Fired 40 | . 4 21 5 10 . Largest 2 | . 2 2 2 2 . Hottest 90 | . 60 60 90 90 . Shots Fired 79 | . 8 41 10 20 . Gun 79 | . 8 41 10 20 . Cannon . | . . . . . . Launcher . | . . . . . . Special . | . . . . . . Kinetic 29 | . 4 25 . . . Thermal 20 | . 4 16 . . . Explosive . | . . . . . . Electromagnetic 30 | . . . 10 20 . Robot Hit Streak 9 | . 2 8 5 9 . Robot Miss Streak 3 | . 2 3 2 3 . Penetration Max . | . . . . . . Secondary Targets 3 | . 1 2 . . . Max Gunslinging Chain 1 | . 1 1 . . . Shots Hit Robots 54 | . 4 29 7 14 . Core Hits 30 | . 2 13 4 11 . Critical Hits 1 | . . 1 . . . Critical Kills 1 | . . 1 . . . Critical Parts Destroyed . | . . . . . . Melee Attacks . | . . . . . . Impact . | . . . . . . Slashing . | . . . . . . Piercing . | . . . . . . Sneak Attacks . | . . . . . . Combat Hostiles . | . . . . . . Follow-up Attacks . | . . . . . . Damage Inflicted 757 | . 31 274 136 316 . Guns 586 | . 31 274 72 209 . Cannons . | . . . . . . Explosions 171 | . . . 64 107 . Melee . | . . . . . . Ramming . | . . . . . . Kinetic 152 | . 10 142 . . . Thermal 324 | . 21 132 64 107 . Explosive . | . . . . . . Electromagnetic 281 | . . . 72 209 . Impact . | . . . . . . Slashing . | . . . . . . Piercing . | . . . . . . Highest Corruption . | . . . . . . Average Corruption . | . . . . . . Corruption Purged . | . . . . . . Overload Shots . | . . . . . . Overflow Damage 20 | . . . . 20 . Projectiles . | . . . . . . Explosions 20 | . . . . 20 . Melee . | . . . . . . Knockbacks . | . . . . . . Impact . | . . . . . . Kinetic . | . . . . . . Secondary . | . . . . . . Self-Inflicted Damage 21 | . . . 21 . . Shots 1 | . . . 1 . . Rammed . | . . . . . . Targets Rammed . | . . . . . . Kicked . | . . . . . . Crushed . | . . . . . . Highest Temperature 177 | . 40 49 177 72 . Average Temperature 36 | . 25 20 92 25 . Received Heat Transfer 114 | . . 27 36 51 . Siege Activations . | . . . . . . Robots Corrupted . | . . . . . . Combat Hostiles . | . . . . . . Parts Fried . | . . . . . . Impact Corruptions . | . . . . . . Robots Melted . | . . . . . . Combat Hostiles . | . . . . . . Parts Melted . | . . . . . . Heat Transferred 550 | . 50 300 100 100 . Parts Sabotaged . | . . . . . . Parts Stolen . | . . . . . . Parts Stripped . | . . . . . . Power Chain Reactions 2 | . . . 1 1 . Missiles Intercepted . | . . . . . . Alert | -11 -10 -10 -9 -9 -9 ------- Run | Scr Mat Min Mat Min Exi Peak Influence 146 | . 55 121 80 146 . Initial 31 | . . 21 . 31 . Average 50 | . 14 50 57 88 . Maximum Alert Level . | . . . . . . Low Security (%) 100 | 100 100 100 100 100 . Level 1 . | . . . . . . Level 2 . | . . . . . . Level 3 . | . . . . . . Level 4 . | . . . . . . Level 5 . | . . . . . . High Security . | . . . . . . Max Security . | . . . . . . Squads Dispatched . | . . . . . . Investigation . | . . . . . . Extermination . | . . . . . . Reinforcement . | . . . . . . Assault . | . . . . . . Garrison . | . . . . . . Intercept . | . . . . . . Construction Impeded . | . . . . . . Haulers Reinforced . | . . . . . . Stealth | -11 -10 -10 -9 -9 -9 --------- Run | Scr Mat Min Mat Min Exi Distress Signals . | . . . . . . Communications Jammed . | . . . . . . Distress Signals . | . . . . . . Times Spotted 22 | . 3 8 4 7 . Peak Tracking Total 4 | . 1 2 4 4 . Tactical Retreats 2 | . . . 1 1 . Traps | -11 -10 -10 -9 -9 -9 ------- Run | Scr Mat Min Mat Min Exi Traps Triggered . | . . . . . . Indirectly . | . . . . . . Trap Hack Attempts . | . . . . . . Triggered . | . . . . . . Disarmed . | . . . . . . Reprogrammed . | . . . . . . Reused . | . . . . . . Traps Extracted . | . . . . . . Installed . | . . . . . . Triggered . | . . . . . . Machines | -11 -10 -10 -9 -9 -9 ---------- Run | Scr Mat Min Mat Min Exi Machines Disabled . | . . . . . . Max in Single Turn . | . . . . . . Machines Sabotaged . | . . . . . . Garrisons Compromised . | . . . . . . Overloaded Fab Kills . | . . . . . . Fab Network Shutdowns . | . . . . . . Hacking | -11 -10 -10 -9 -9 -9 --------- Run | Scr Mat Min Mat Min Exi Machines Accessed 5 | . 3 . . . 2 Terminals 3 | . 3 . . . . Fabricators . | . . . . . . Repair Stations . | . . . . . . Recycling Units . | . . . . . . Scanalyzers . | . . . . . . Garrison Access . | . . . . . . Total Hacks 8 | . 6 . . . 2 Successful 4 | . 2 . . . 2 Failed 4 | . 4 . . . . Catastrophic 1 | . 1 . . . . Database Lockouts . | . . . . . . Manual 7 | . 6 . . . 1 Terminals 6 | . 6 . . . . Fabricators . | . . . . . . Repair Stations . | . . . . . . Recycling Units . | . . . . . . Scanalyzers . | . . . . . . Garrison Access . | . . . . . . Terminal Hacks 3 | . 1 . . . 2 Record 1 | . . . . . 1 Zone Layout 1 | . 1 . . . . EX-Prototype ID Bank 1 | . . . . . 1 Fabricator Hacks . | . . . . . . Repair Station Hacks . | . . . . . . Recycling Unit Hacks . | . . . . . . Scanalyzer . | . . . . . . Garrison Access Hacks . | . . . . . . Unauthorized Hacks 1 | . 1 . . . . Terminals 1 | . 1 . . . . Operators 1 | . 1 . . . . Fabricators . | . . . . . . Repair Stations . | . . . . . . Recycling Units . | . . . . . . Scanalyzers . | . . . . . . Garrison Access . | . . . . . . Data Cores Recovered . | . . . . . . Used . | . . . . . . Hacking Detections 3 | . 3 . . . . Full Trace Events . | . . . . . . Feedback Events . | . . . . . . Feedback Blocked . | . . . . . . Robot Schematics Acquired . | . . . . . . Robots Built . | . . . . . . Matter . | . . . . . . Time . | . . . . . . Total Robot Build Rating . | . . . . . . Part Schematics Acquired . | . . . . . . Parts Built . | . . . . . . Matter . | . . . . . . Time . | . . . . . . Total Part Build Rating . | . . . . . . Parts Repaired . | . . . . . . Time . | . . . . . . Parts Recycled . | . . . . . . Recycled Matter . | . . . . . . Retrieved Matter . | . . . . . . Retrieved Components . | . . . . . . Parts Scanalyzed . | . . . . . . Part Schematics Acquired . | . . . . . . Parts Damaged . | . . . . . . Bothacking | -11 -10 -10 -9 -9 -9 ------------ Run | Scr Mat Min Mat Min Exi Used RIF Installer . | . . . . . . Robots Hacked . | . . . . . . Non-combat . | . . . . . . Combat . | . . . . . . Robot Hacks Applied . | . . . . . . Relay Couplers Released . | . . . . . . Robots Rewired . | . . . . . . Allies Hacked . | . . . . . . Hacks Repelled . | . . . . . . Allies | -11 -10 -10 -9 -9 -9 -------- Run | Scr Mat Min Mat Min Exi Total Allies 1 | . . . . 1 . Largest Group 1 | . . . . 1 . Highest-Rated Group 31 | . . . . 31 . Highest-Rated Ally 31 | . . . . 31 . Total Orders . | . . . . . . Ally Attacks 2 | . . . . 2 . Total Damage 44 | . . . . 44 . Kills . | . . . . . . Allies Corrupted . | . . . . . . Allies Melted . | . . . . . . Intel | -11 -10 -10 -9 -9 -9 ------- Run | Scr Mat Min Mat Min Exi Robot Analysis Total . | . . . . . . Derelict Logs Recovered 1 | . . 1 . . . Drone Launches . | . . . . . . Drone Recoveries . | . . . . . . Exploration | -11 -10 -10 -9 -9 -9 ------------- Run | Scr Mat Min Mat Min Exi Turns Passed 2165 | 85 253 822 271 277 457 Spaces Moved 1131 | 49 149 424 131 138 240 Core 5 | 5 . . . . . Treads 1126 | 44 149 424 131 138 240 Legs . | . . . . . . Wheels . | . . . . . . Hover . | . . . . . . Flight . | . . . . . . Fastest Speed 50 | 50 160 160 180 180 180 Average Speed 175 | 148 160 174 180 180 188 Slowest Speed 200 | 160 160 180 180 180 200 Overloaded Moves . | . . . . . . Propulsion Burnouts . | . . . . . . Robots Hopped . | . . . . . . Cave-ins Triggered . | . . . . . . Exploration Rate (%) 37 | 5 41 74 12 23 67 Regions Visited 5 Branch Regions 3 Pre-discovered Areas 2 | . . 1 . . 1 Known Exits Taken . | . . . . . . Unknown Exits Taken 5 | 1 1 1 1 1 . Scrap Searched 2 | . . 2 . . . Spaces Dug . | . . . . . . Terrain Destroyed 13 | . . . 2 11 . Melee . | . . . . . . Projectile . | . . . . . . AOE 13 | . . . 2 11 . Terrain Rammed . | . . . . . . Walls Destroyed . | . . . . . . Machines Disabled . | . . . . . . Actions | -11 -10 -10 -9 -9 -9 --------- Run | Scr Mat Min Mat Min Exi Total 1231 | 58 156 470 157 147 243 Wait 30 | . 1 20 9 . . Move 1126 | 48 148 423 130 137 240 Hop . | . . . . . . Pick Up 15 | 4 1 4 6 . . Fast Attach 11 | 6 1 . 3 . 1 Attach 3 | . . 2 . . 1 Detach 2 | . . . 2 . . Swap 3 | . 1 . 1 . 1 Drop 1 | . . . 1 . . Fire 40 | . 4 21 5 10 . Melee . | . . . . . . Ram . | . . . . . . Kick . | . . . . . . Crush . | . . . . . . Escape Stasis . | . . . . . . Rewire . | . . . . . . Trap . | . . . . . . Miscellaneous . | . . . . . . Route ------- -11/Scrapyard -10/Materials (discovered 2 exits: [*Mat] / [*Min]) -10/Mines -9/Materials -9/Mines (discovered 2 exits: *Exi / [*Zio]) -9/Exiles History --------- Turn | Location | Event 2 | -11/Scrapyard | Met Revision 17 7 | -11/Scrapyard | Discovered new exit (range 14) 86 | -11/Scrapyard | Entered Materials 223 | -10/Materials | Discovered new exit (range 15) 288 | -10/Materials | Discovered new exit (range 16) 309 | -10/Materials | Build established: Mutant 339 | -10/Materials | Entered Mines 349 | -10/Mines | Met a Derelict bent on vengeance 382 | -10/Mines | Assembled infested the area 443 | -10/Mines | Joined a pair of Derelicts in attacking an 0b10 outpost 824 | -10/Mines | Learned location of Zion (-7) 1137 | -10/Mines | Discovered new exit (range 14) 1161 | -10/Mines | Entered Materials 1161 | -9/Materials | Evolved 2 slots: Utility x2 1396 | -9/Materials | Discovered new exit (range 12) 1432 | -9/Materials | Entered Mines 1522 | -9/Mines | A Derelict revealed a hidden shortcut to a safe place 1557 | -9/Mines | Received a Mining Laser from a helpful Derelict 1702 | -9/Mines | Deemed a non-threat by the Exiles lab entrance 1702 | -9/Mines | Discovered new exit (range 5) 1709 | -9/Mines | Entered Exiles 1755 | -9/Exiles | Met 8R-AWN 1784 | -9/Exiles | Met EX-HEX 1872 | -9/Exiles | Met EX-DEC 2062 | -9/Exiles | Met EX-BIN 2090 | -9/Exiles | Aligned with FarCom system 2092 | -9/Exiles | Given EX-Vault access code 2135 | -9/Exiles | Build established: Hauler-Mutant 2150 | -9/Exiles | Opened EX-Vault 2166 | -9/Exiles | Self-destructed Last Messages --------------- Modified TNC 0b10 Alert Chip Cloak of Protection Skeleton Box Trap Reconfigurator Supersonic Drone Bay Army-in-a-Box PSU Rigger Chronowheel AWS/Thermal Latent Energy Streamer Gui. Plasma Cannon Firepult YOLO Cannon AWS/Gauss XL Autogun Array AWS/Autocannon Field Lobotomy Kit Longsword +1 Deploy-a-Sentry Map ----- +----------------------------------------------------+ | | | | | | | | | | | | | | | | | | | | | | | | | | | | | | | | | | | | | | | | | | | ???????????????????#########?????????????????????? | | ???????????????????# ! !] #?????????????????????? | | ???????????????????# #?????????????????????? | | ???????????????????# #?????????????????????? | | ???????????????????# @X#?????????????????????? | | ???????????????????## ##?????????????????????? | | ???????????????????#X #??????????????????????? | | ???????????????????## #??????????????????????? | | ????????????????????# #??????????????????????? | | ????????????????????# #???#?##???????????????? | | ????????????????????# #??"""""???????????????? | | ????????????????????# ## """#??????????????? | | ????????????????????# X""#??????????????? | | ????????????????????# ## """#??????????????? | | ??????????????####??# #??"""""???????????????? | | ??????????????"""""?# #???#?##???????????????? | | ??????????????""" ## #??????????????????????? | | ????????????#""X" #??????????????????????? | | ????????????#" #??????????????????????? | | ????????????#" ## #??????????????????????? | | ????????????#""""""?# #?#########????????????? | | ??????????????"###??# #?#"""""""#????????????? | | ????????????????????# #?#"""""""#????????????? | | ????????????????????# #?#"""""""#????????????? | | ???????????????????## ###"" """"#????????????? | | ???????????????????#" """"#????????????? | | ???????????????????#" """#????????????? | | ???????????????????#" """#????????????? | | ???????????????????#" """#????????????? | +----------------------------------------------------+ Best States ------------- Heat Dissipation 28 Energy Generation 18 Energy Capacity 250 Matter Stores 300 Matter Capacity 300 Sight Range 16 Terrain Scan Density 10 Armor Coverage 150 Evasion (%) 40 Recoil Reduction 2 Item Schematics ----------------- None Robot Schematics ------------------ None Fabricated ------------ Nothing Alien Tech Used ----------------- None Achievements -------------- None Challenges ------------ None Game ------ Seed LinearExplosiveRegenerator Manual? 0 Play Time 00:09:05 Cumulative 123.3 hours Start 2020.11.03 @ 10:31:51 End 2020.11.03 @ 10:39:39 Sessions 1 Manual Loads 0 Difficulty Rogue Special Mode Halloween2020/ForbiddenLore Game No. 157 Rogue 70 Adventurer 87 Explorer 0 Win Type - Total 4 Types 3/0/0/1/0/0/0/0/0 Lore% 54 Gallery% 65 Achievement% 55 Wizard Run 0 Options --------- ASCII 0 Keyboard 1 Movement Numpad Keybinds 0 Fullscreen 1 Font 18/Smallcaps Map View 76x50 Tactical HUD 1 Map Filters NONE Filters NONE Steam 1 RUN: 394cc756-3cf7-4415-9dfc-e8710ee5478c